 Dungeon Crawl Stone Soup version 0.29-a0-275-g389c0b56f3 (webtiles) character file.

Game seed: 15786289618468567300

7061 jmlagarto the Protected (level 10, -8/94 HPs)
             Began as a Minotaur Fighter on Mar 11, 2022.
             Was an Elder of Qazlal.
             Mangled by an ettin
             ... wielding a +0 dire flail
              (31 damage)
             ... on level 1 of the Orcish Mines.
             The game lasted 00:17:35 (8588 turns).

jmlagarto the Protected (Minotaur Fighter)          Turns: 8588, Time: 00:17:35

Health: -8/94      AC:  9    Str: 24    XL:     10   Next: 83%
Magic:  9/9        EV: 11    Int:  0    God:    Qazlal [****..]
Gold:   559        SH: 12    Dex: 16    Spells: 9/9 levels left

rFire   . . .      SeeInvis +   e - +11 war axe "Qetagrei" {vamp, rPois Will+ rCorr Int-5}
rCold   . . .      Faith    .   c - +0 buckler
rNeg    . . .      Spirit   .   I - +1 steam dragon scales
rPois   +          Reflect  .   (helmet restricted)
rElec   .          Harm     .   (no cloak)
rCorr   +          Rampage  .   (no gloves)
Will    +....                   j - +0 pair of boots
Stlth   +.........              (no amulet)
HPRegen 0.25/turn               g - ring of flight
MPRegen 0.11/turn               o - ring of Sextidd {Dex+5 Slay+3 SInv}

@: flying, slowed, lost intelligence, repel missiles, unable to read, very slow
A: horns 2, retaliatory headbutt
a: Renounce Religion, Upheaval, Elemental Force


You were on level 1 of the Orcish Mines.
You worshipped Qazlal.
Qazlal was greatly pleased with you.
You visited 2 branches of the dungeon, and saw 10 of its levels.

You collected 559 gold pieces.

Inventory:

Hand Weapons
 a - a +0 war axe
 e - the +11 war axe "Qetagrei" (weapon) {vamp, rPois Will+ rCorr Int-5}
   (You found it on level 6 of the Dungeon)

   It occasionally heals its wielder for a portion of the damage dealt when it
   wounds a living foe.
   Int:       It affects your intelligence (-5).
   rPois:     It protects you from poison.
   rCorr:     It protects you from acid and corrosion.
   Will:      It increases your willpower.
 x - the +8 dagger of the Hidden Vale {vorpal, *Corrode rElec rN+ Str+4}
   (You found it on level 4 of the Dungeon)

   It inflicts extra damage upon your enemies.
   Str:       It affects your strength (+4).
   rElec:     It insulates you from electricity.
   rN:        It protects you from negative energy.
   *Corrode:  It may corrode you when you take damage.
 K - the +8 hunting sling of Calamity {speed, rN+ Will+ SInv}
   (You found it on level 9 of the Dungeon)

   Attacks with this weapon are significantly faster.
   rN:        It protects you from negative energy.
   SInv:      It lets you see invisible.
   Will:      It increases your willpower.
Missiles
 f - 13 poisoned darts (quivered)
Armour
 c - a +0 buckler (worn)
 i - a +1 plate armour
 j - a +0 pair of boots (worn)
 I - +1 steam dragon scales (worn)
Jewellery
 g - a ring of flight (left hand)
 o - the ring of Sextidd (right hand) {Dex+5 Slay+3 SInv}
   (You found it on level 3 of the Dungeon)

   [ring of see invisible]

   Dex:       It affects your dexterity (+5).
   Slay:      It affects your accuracy & damage with ranged weapons and melee
   (+3).
   SInv:      It lets you see invisible.
 w - a ring of see invisible
 C - an amulet of magic regeneration
Wands
 s - a wand of charming (6)
 u - a wand of iceblast (11)
 v - a wand of acid (6)
 B - a wand of paralysis (8)
 F - a wand of mindburst (9)
Scrolls
 h - 3 scrolls of identify
 n - 7 scrolls of teleportation
 q - 2 scrolls of immolation
 t - a scroll of holy word
 y - a scroll of brand weapon
 z - a scroll of enchant weapon {unknown}
 D - a scroll of magic mapping {unknown}
 E - a scroll of vulnerability {unknown}
 G - a scroll of fear {unknown}
Potions
 b - 3 potions of lignification
 d - a potion of might
 k - 3 potions of heal wounds
 l - a potion of brilliance {unknown}
 m - 2 potions of haste
 p - 3 potions of curing
 r - 2 potions of flight
 A - a potion of invisibility {unknown}
 H - a potion of resistance {unknown}
 J - a potion of berserk rage {unknown}


   Skills:
 + Level 10.7 Fighting
 + Level 10.3 Axes
 + Level 10.7 Armour
 + Level 10.6 Shields


You had 9 spell levels left.
You didn't know any spells.
Your spell library contained the following spells:

 Spells                   Type           Power      Damage    Failure   Level
 Freeze                   Ice            0%         1d3       65%         1
 Magic Dart               Conj           0%         1d3       65%         1
 Sandblast                Erth           0%         2d4       65%         1
 Shock                    Conj/Air       0%         1d3       65%         1
 Call Imp                 Summ           0%         N/A       80%         2
 Corpse Rot               Necr/Air       0%         N/A       80%         2
 Passwall                 Tmut/Erth      0%         N/A       80%         2
 Poisonous Vapours        Pois/Air       0%         N/A       80%         2
 Scorch                   Fire           0%         2d5       80%         2
 Searing Ray              Conj           0%         2d4       80%         2
 Conjure Flame            Conj/Fire      0%         6-21      95%         3
 Frozen Ramparts          Ice            0%         1d2       95%         3
 Ignite Poison            Fire/Tmut/Pois 0%         N/A       95%         3
 Mephitic Cloud           Conj/Pois/Air  0%         N/A       95%         3
 Stone Arrow              Conj/Erth      0%         3d7       95%         3
 Swiftness                Air            0%         N/A       95%         3
 Airstrike                Air            0%         N/A       100%        4
 Flame Wave               Conj/Fire      0%         2d4       100%        4
 Fulminant Prism          Conj/Hex       0%         3d6       100%        4
 Hailstorm                Conj/Ice       0%         3d3       100%        4
 Sticky Flame             Conj/Fire      0%         2d3       100%        4
 Freezing Cloud           Conj/Ice/Air   0%         6-21      100%        5
 Summon Cactus Giant      Summ           0%         N/A       100%        6


Dungeon Overview and Level Annotations

Branches:
Dungeon (9/15)             Temple (0/1) D:6             Orc (1/2) D:9
   Lair: D:8-11

Altars:
Kikubaaqudgha
Qazlal

Shops:
D:6 [**((   D:7 (*   D:9 ?!*


Innate Abilities, Weirdness & Mutations

You have a pair of horns on your head.
You reflexively headbutt those who attack you in melee.


Message History

You slice the orc!!
You kill the orc!
Qazlal accepts your kill.
The orc is engulfed in blazing flames.
You kill the orc!
Qazlal accepts your kill. The orc warrior closely misses you.
You hit the orc warrior but do no damage.
Your headbutt misses the orc warrior.
The orc warrior is heavily wounded.
You block the orc warrior's attack. x2
You slash the orc warrior!
You feel better.
The orc warrior is almost dead.
You block the orc warrior's attack.
You slice the orc warrior!!
You feel better.
You kill the orc warrior!
Qazlal accepts your kill.
HP restored.
Things that are here:
a +0 dagger; an orc corpse
Items here: ))) [[ ††.
Items here: )) [[ ††.
Items here: ))) [ †.
You now have 559 gold pieces (gained 10).
An ettin comes into view. It is wielding two +0 dire flails.
The ettin hits you with a +0 dire flail! x2
The ettin hits you but does no damage. You block the ettin's attack.
You barely miss the ettin.
You headbutt the ettin, but do no damage.
The ettin hits you with a +0 dire flail.
The ettin hits you with a +0 dire flail!!
You hit the ettin.
You feel better.
The ettin is lightly wounded.
The ettin hits you with a +0 dire flail!
* * * LOW HITPOINT WARNING * * *
The ettin barely misses you.
The ettin hits you with a +0 dire flail.
* * * LOW HITPOINT WARNING * * *
The ettin hits you with a +0 dire flail!!
You die...

.... ##...# ##.#..##
...... .### .#..#
..#.##.§°#
.....#.C.##
^#...§.@..#
#.#...☼○..## ##
.....§°....# #.###
..........## #....##
..........# #.......
......#..###.......#
.........##.#.#.....
...................#
..#...>..)........##


You could see an ettin.

Vanquished Creatures
  A two-headed ogre (D:6)
  Pikel (D:4)
  Joseph (D:8)
  Maggie (D:8)
  2 trolls
  A hornet (D:6)
  Sigmund (D:3)
  A shadow (D:9)
  2 wyverns (D:9)
  3 water moccasins
  Duvessa (D:5)
  3 black bears
  5 orc warriors
  3 sky beasts (D:6)
  2 ogres
  A centaur (D:8)
  4 lemures (D:4)
  3 phantoms
  A kobold brigand (D:8)
  4 bullfrogs
  Blork the orc (D:5)
  A gnoll sergeant (D:9)
  5 scorpions
  Dowan (D:5)
  4 howler monkeys (D:9)
  6 hounds
  5 jellies
  9 orc priests
  Crazy Yiuf (D:3)
  Ijyb (D:4)
  Terence (D:3)
  5 iguanas
  11 orc wizards
  4 gnolls (D:9)
  8 adders
  A river rat (D:6)
  3 shadow imps
  A white imp (D:5)
  3 worms
  2 dart slugs
  48 orcs
  7 bats
  2 bat zombies (D:5)
  6 endoplasms
  4 giant cockroaches
  7 goblins
  5 hobgoblins
  7 quokkas
  8 ball pythons
  2 frilled lizards
  9 kobolds
  5 rats
  4 rat zombies (D:5)
228 creatures vanquished.

Vanquished Creatures (others)
  5 fungi (D:3)
5 creatures vanquished.

Grand Total: 233 creatures vanquished

Notes
Turn   | Place    | Note
-------+----------+-------------------------------------------
     0 | D:1      | jmlagarto the Minotaur Fighter began the quest for the Orb.
     0 | D:1      | Reached XP level 1. HP: 19/19 MP: 0/0
   381 | D:1      | Reached XP level 2. HP: 21/27 MP: 1/1
  1144 | D:2      | Reached XP level 3. HP: 31/33 MP: 2/2
  1427 | D:2      | Found a faded altar of an unknown god.
  1479 | D:2      | Prayed at the altar of an unknown god.
  1479 | D:2      | Became a worshipper of Qazlal Stormbringer
  1479 | D:2      | Reached * piety under Qazlal
  1779 | D:3      | Identified the ring of Sextidd {Dex+5 Slay+3 SInv}
  1820 | D:3      | Noticed Terence
  1829 | D:3      | Killed Terence
  1830 | D:3      | Reached XP level 4. HP: 41/41 MP: 3/3
  2241 | D:3      | Found a runed translucent door.
  2242 | D:3      | Noticed Crazy Yiuf
  2250 | D:3      | Killed Crazy Yiuf
  2251 | D:3      | Reached XP level 5. HP: 47/47 MP: 4/4
  2517 | D:3      | Noticed Sigmund
  2528 | D:3      | Killed Sigmund
  2529 | D:3      | Reached skill level 5 in Fighting
  2529 | D:3      | Reached skill level 5 in Armour
  2529 | D:3      | Reached skill level 5 in Shields
  2529 | D:3      | Reached XP level 6. HP: 39/56 MP: 5/5
  3031 | D:4      | Noticed Ijyb
  3037 | D:4      | Noticed Pikel
  3041 | D:4      | Killed Ijyb
  3478 | D:4      | Reached skill level 5 in Axes
  3478 | D:4      | Reached XP level 7. HP: 38/62 MP: 6/6
  3641 | D:5      | Entered Level 5 of the Dungeon
  3721 | D:5      | Noticed Blork the orc
  3733 | D:5      | Killed Blork the orc
  3882 | D:4      | Reached ** piety under Qazlal
  4089 | D:4      | Killed Pikel
  4090 | D:4      | Reached XP level 8. HP: 36/73 MP: 7/7
  4275 | D:4      | Identified the +8 dagger of the Hidden Vale {vorpal,
                  | *Corrode rElec rN+ Str+4}
  4576 | D:5      | Noticed Dowan
  4577 | D:5      | Noticed Duvessa
  4609 | D:5      | Killed Dowan
  4632 | D:5      | Killed Duvessa
  5492 | D:5      | Found an ancient bone altar of Kikubaaqudgha.
  5638 | D:6      | Found Donweses's Antique Weapon Emporium.
  5639 | D:6      | Found Zuor's General Store.
  5646 | D:6      | Noticed a two-headed ogre
  5660 | D:6      | Killed a two-headed ogre
  5661 | D:6      | Reached XP level 9. HP: 15/82 MP: 8/8
  5960 | D:6      | Found Foggecs Xiyl's Weapon Emporium.
  6006 | D:6      | Identified the +11 war axe "Qetagrei" {vamp, rPois Will+
                  | rCorr Int-5}
  6008 | D:6      | Lost intelligence.
  6113 | D:6      | Found Achoerua's General Store.
  6115 | D:6      | Reached *** piety under Qazlal
  6200 | D:6      | Found Lyumaux's Armour Shop.
  6202 | D:6      | Noticed a troll
  6206 | D:6      | Killed a troll
  6291 | D:6      | Found a staircase to the Ecumenical Temple.
  6783 | D:7      | Reached XP level 10. HP: 91/91 MP: 9/9
  6805 | D:7      | Found Biutaett's Neck Hole.
  7001 | D:7      | Found Seecewn's Weapon Shoppe.
  7172 | D:8      | Noticed Joseph
  7184 | D:8      | Killed Joseph
  7295 | D:8      | Reached skill level 10 in Fighting
  7295 | D:8      | Reached skill level 10 in Armour
  7324 | D:8      | Noticed Maggie
  7333 | D:8      | Killed Maggie
  7334 | D:8      | Reached skill level 10 in Shields
  7524 | D:9      | Found Soxitaef's Magic Scroll Boutique.
  7563 | D:9      | Reached **** piety under Qazlal
  7583 | D:9      | Found Ater's Distillery.
  7622 | D:9      | Found a staircase to the Orcish Mines.
  7750 | D:9      | Reached skill level 10 in Axes
  8030 | D:9      | Identified the +8 hunting sling of Calamity {speed, rN+
                  | Will+ SInv}
  8180 | D:9      | Found Casext's General Store.
  8486 | Orc:1    | Entered Level 1 of the Orcish Mines
  8583 | Orc:1    | Noticed an ettin
  8588 | Orc:1    | Mangled by an ettin

Illustrated notes

Levels and vault maps discovered:
D:1:      lightli_arrival_statue_moat, layout_loops_ring, skrybe_limestone_x,
          grunt_decor_arrowhead, minmay_misc_feat_secret_circle,
          corexii_hall_statues_deadend, hangedman_abyss_or_decor_stabs,
          minmay_door_square
D:2:      layout_loops_ring, hellmonk_ecumenical_altar_lost_god
D:3:      layout_loops_corners, uniq_crazy_yiuf_cottage, uniq_sigmund,
          uniq_terence
D:4:      layout_loops_ring, uniq_ijyb, uniq_pikel
D:5:      minmay_opposing_rooms, layout_basic,
          lemuel_zombie_altar_kikubaaqudgha, uniq_blork_the_orc, uniq_duvessa
D:6:      layout_basic, nicolae_overflow_hidden_temple,
          minmay_temple_entry_proselytizer, serial_shops, nicolae_stop_n_shop_2,
          nicolae_stop_n_shop_1, nicolae_shop_hallway_stairs, shop_fountains,
          nicolae_shop_bloodbath_and_beyond, gup_sewer_entry_bubbles,
          minivault_25
D:7:      layout_cave_pools, serial_shops, nicolae_lakefront_shop,
          minmay_misc_feat_more_columns, nicolae_shop_sticking_my_neck_out
D:8:      layout_gridville, uniq_joseph, uniq_maggie
D:9:      layout_long_grid, orc_0_dummy, serial_shops,
          nicolae_shop_temple_entry_statues_fountains, shop,
          nicolae_shop_hallway_stairs
Orc:1:    layout_caves, uniq_josephine

Skill      XL: |  1  2  3  4  5  6  7  8  9 10 |
---------------+-------------------------------+-----
Fighting       | 4 5 7 8 9 10 | 10.7
Armour         | 4 5 7 8 9 10 | 10.7
Shields        | 4 5 6 8 9 10 | 10.6
Axes           | 3 4 5 6 7 9 10 | 10.3

Action                   |  1- 3 |  4- 6 |  7- 9 | 10-12 || total
-------------------------+-------+-------+-------+-------++-------
Melee: War axe           |    66 |    79 |   192 |    97 ||   434
       Headbutt          |    14 |    13 |    39 |    16 ||    82
       Unarmed           |       |     5 |       |       ||     5
  Use: Scroll            |       |       |    12 |       ||    12
       Potion            |       |       |     1 |       ||     1
Armor: Scale mail        |    29 |       |       |       ||    29
       Plate armour      |    16 |    34 |    89 |    29 ||   168
       Steam dragon scal |       |       |       |    16 ||    16
Dodge: Dodged            |    35 |    19 |    35 |    39 ||   128
       Repelled          |       |       |       |     1 ||     1
Block: Buckler           |    14 |    29 |    70 |    84 ||   197

Table legend: (Time is in decaauts)
 A = Elapsed time spent in this place.
 B = Non-inter-level travel time spent in this place.
 C = Inter-level travel time spent in this place.
 D = Time resting spent in this place.
 E = Time spent auto-exploring this place.
 F = Levels seen in this place.
 G = Mean time per level.
                   A        B        C        D        E       F      G
               +--------+--------+--------+--------+--------+-----+--------+
         Total |   9979 |   9465 |    514 |      0 |   7790 |  10 |  997.9 |
       Dungeon |   9827 |   9313 |    514 |      0 |   7673 |   9 | 1091.9 |
  Orcish Mines |    152 |    152 |      0 |      0 |    117 |   1 |  152.0 |
               +--------+--------+--------+--------+--------+-----+--------+

Top non-repeatable levels by time:
     D:3: 1564 daAuts
     D:9: 1445 daAuts
     D:5: 1334 daAuts
     D:6: 1272 daAuts
     D:1: 1119 daAuts
     D:4: 1065 daAuts
     D:7: 762 daAuts
     D:2: 642 daAuts
     D:8: 619 daAuts
   Orc:1: 152 daAuts
